 Dungeon Crawl Stone Soup version 0.30-a0-777-ga9a30cbeda (webtiles) character file.

Game seed: 14501160550662732151

43 scionoferis the Ducker (level 3, 0/28 HPs)
             Began as a Demigod Hexslinger on Feb 14, 2023.
             Succumbed to an adder's poison
             ... on level 3 of the Dungeon.
             The game lasted 00:05:27 (1501 turns).

scionoferis the Ducker (Demigod Hexslinger)         Turns: 1501, Time: 00:05:27

Health: 0/28       AC:  3    Str: 11    XL:     3   Next: 20%
Magic:  6/6        EV: 12    Int: 19    God:
Gold:   77         SH:  0    Dex: 14    Spells: 3/4 levels left

rFire   . . .      SeeInvis .    a - +1 sling
rCold   . . .      Faith    .    (no shield)
rNeg    . . .      Spirit   .    c - +0 robe
rPois   .          Reflect  .    (no helmet)
rElec   .          Harm     .    (no cloak)
rCorr   .          Rampage  .    (no gloves)
Will    .....                    j - +0 pair of boots
Stlth   ++                       i - amulet of magic regeneration
HPRegen 0.24/turn                l - ring of flight
MPRegen 0.50/turn                (no ring)

@: lethally poisoned (0 -> -5), flying
A: high MP 1, forlorn, divine attributes
a: no special abilities


You were on level 3 of the Dungeon.
You visited 1 branch of the dungeon, and saw 3 of its levels.

You collected 88 gold pieces.
You spent 11 gold pieces at shops.


Innate Abilities, Weirdness & Mutations

You have an increased reservoir of magic. (+10% MP)
You shall have no god before yourself.
Your divine heritage dramatically boosts your attributes as you level up.


   Skills:
 + Level 1.5 Fighting
 - Level 1.7 Ranged Weapons
 * Level 2.7 Dodging
 + Level 1.3 Stealth
 - Level 1.0 Spellcasting
 - Level 2.6 Hexes


You had 3 spell levels left.
You knew the following spells:

 Your Spells              Type           Power      Damage    Failure   Level
a - Slow                  Hex            44%        N/A       6%          1

Your spell library contained the following spells:

 Spells                   Type           Power      Damage    Failure   Level
 Necrotise                Necr           0%         1d4       19%         1
 Inner Flame              Hex/Fire       6%         N/A       32%         3
 Portal Projectile        Hex/Tloc       12%        N/A       32%         3
 Vampiric Draining        Necr           0%         2d6       50%         3
 Cause Fear               Hex            5%         N/A       52%         4
 Agony                    Necr           0%         N/A       99%         5

Inventory:

Hand Weapons
 a - a +1 sling (weapon)
 d - a +0 dagger
   (You found it on level 1 of the Dungeon)
 n - a +0 rapier
   (You found it on level 2 of the Dungeon)
Armour
 c - a +0 robe (worn)
 j - a +0 pair of boots (worn)
   (You found it on level 1 of the Dungeon)
Jewellery
 i - an amulet of magic regeneration (around neck)
   (You found it on level 1 of the Dungeon)
 l - a ring of flight (left hand)
   (You found it on level 2 of the Dungeon)
Scrolls
 b - a scroll of poison
 e - a scroll of identify {unknown}
 h - a scroll of immolation {unknown}
 k - a scroll of amnesia {unknown}
 m - a scroll of magic mapping {unknown}
Potions
 f - a potion of brilliance {unknown}
 g - 2 potions of curing {unknown}

Dungeon Overview and Level Annotations

Branches:
Dungeon (3/15)

Shops:
D:1 =   D:2 !

Annotations:
D:2 Robin, Terence

#........#.## ###.
#.....w.....## ##...
#....).##...†## ##....
#......#..#...######...##
#####.##....#....##......
#...##...##.......#....
#......................
#....##...........#....
#...wS@.###..........##
#..#.#### #....###.#.##
####.# ###### #.....
#...# ####.. ##### ###..
#.... #.... #.... #####


You could see a worm and an adder.


Message History

Welcome, scionoferis the Demigod Hexslinger.
You feel drawn to the Orb of Zot, downwards into the unfathomable depths...
Press ? for a list of commands and other information.
Found two stairs.
You can't see any susceptible monsters within range! (Use Z to cast anyway.)
A bat comes into view.
You shoot a sling bullet.
The sling bullet hits the bat but does no damage.
The bat hits you but does no damage.
You shoot a sling bullet.
The sling bullet closely misses the bat.
The bat barely misses you. The bat hits you but does no damage.
You shoot a sling bullet. The sling bullet misses the bat.
The bat hits you but does no damage. x2
You shoot a sling bullet. The sling bullet barely misses the bat.
The bat hits you.
You shoot a sling bullet. The sling bullet barely misses the bat.
The bat hits you but does no damage. The bat barely misses you.
You shoot a sling bullet.
The sling bullet hits the bat but does no damage.
The bat barely misses you.
You shoot a sling bullet. The sling bullet misses the bat.
The bat closely misses you.
You shoot a sling bullet. The sling bullet hits the bat.
The bat is moderately wounded.
The bat hits you but does no damage.
You shoot a sling bullet. The sling bullet barely misses the bat.
The bat closely misses you.
You shoot a sling bullet. The sling bullet hits the bat.
You kill the bat!
No target in view!
No target in view!
d - a scroll labelled BEXTEY ACAZOBB A quokka comes into view.
You shoot a sling bullet. The sling bullet hits the quokka.
You kill the quokka!
Your Fighting skill increases to level 1!
No target in view!
No target in view!
No target in view!
A giant cockroach comes into view.
Found an escape hatch in the floor.
The giant cockroach bites you.
You shoot a sling bullet.
The sling bullet hits the giant cockroach but does no damage.
The giant cockroach bites you but does no damage.
You shoot a sling bullet.
The sling bullet hits the giant cockroach but does no damage.
The giant cockroach bites you. The giant cockroach misses you.
You shoot a sling bullet.
The sling bullet hits the giant cockroach but does no damage.
The giant cockroach closely misses you.
You shoot a sling bullet.
The sling bullet hits the giant cockroach.
The giant cockroach is severely wounded.
The giant cockroach bites you but does no damage.
The giant cockroach closely misses you.
You shoot a sling bullet.
The sling bullet hits the giant cockroach but does no damage.
The giant cockroach is heavily wounded.
The giant cockroach bites you but does no damage.
The giant cockroach bites you.
You shoot a sling bullet.
The sling bullet hits the giant cockroach.
You kill the giant cockroach!
Your Dodging skill increases to level 2!
No target in view!
No target in view!
HP restored.
e - a scroll labelled HITACA XIEWU A ball python comes into view.
The ball python hisses angrily.
You shoot a sling bullet. The sling bullet hits the ball python.
The ball python is moderately wounded.
You shoot a sling bullet.
The sling bullet completely misses the ball python.
A giant cockroach comes into view.
You shoot a sling bullet.
The sling bullet closely misses the ball python.
You shoot a sling bullet. The sling bullet hits the ball python.
You kill the ball python!
You shoot a sling bullet.
The sling bullet hits the giant cockroach.
You kill the giant cockroach!
No target in view!
No target in view!
No target in view!
No target in view!
You see here a ball python corpse.
You see here a giant cockroach corpse.
Found 4 stones.
Found a sling.
You now have 15 gold pieces.
f - a bubbling orange potion
Found a pair of boots.
A sourceless malevolence fills the Dungeon...
You fall into a shaft and drop 1 floor!
The shaft crumbles and collapses.
Found a robe.
Found a stone staircase leading down. 2 ball pythons come into view.
The ball python hisses angrily. x2
The ball python moves out of view.
You see here a glowing emerald potion.
You shoot a sling bullet.
The sling bullet completely misses the ball python.
You shoot a sling bullet. The sling bullet hits the ball python.
You kill the ball python!
No target in view!
No target in view!
g - a glowing emerald potion The ball python bites you but does no damage.
The ball python grabs you. The ball python constricts you.
You see here a ball python corpse.
You shoot a sling bullet. The sling bullet hits the ball python.
You kill the ball python!
No target in view!
No target in view!
No target in view!
You see here a ball python corpse.
You open the door.
There is an open door here.
You see here a ball python corpse.
A dart slug comes into view.
You shoot a sling bullet.
The sling bullet completely misses the dart slug.
The dart slug launches a dart at you. The slug dart misses you.
You shoot a sling bullet. The sling bullet hits the dart slug!
The dart slug is severely wounded.
The dart slug launches a dart at you. The slug dart misses you.
You shoot a sling bullet.
The sling bullet hits the dart slug but does no damage.
The dart slug is severely wounded.
You shoot a sling bullet. The sling bullet hits the dart slug!
You kill the dart slug!
You have reached level 2!
You see here a dart slug corpse.
Found a stone staircase leading up.
There is a stone staircase leading up here.
You climb upwards.
Found a scale mail and a glowing emerald potion.
There is a stone staircase leading down here.
You see here a +0 scale mail.
g - 2 glowing emerald potions (gained 1)
A bat comes into view.
You shoot a sling bullet. The sling bullet hits the bat.
The bat is severely wounded.
You shoot a sling bullet. The sling bullet hits the bat.
You kill the bat!
No target in view!
No target in view!
A ball python comes into view.
You shoot a sling bullet. The sling bullet hits the ball python.
You kill the ball python!
No target in view!
No target in view!
No target in view!
h - a scroll labelled DAZOING YWAMUN You see here a +0 heavy hand axe.
You now have 33 gold pieces (gained 18).
i - an amulet of magic regeneration
There are no items here.
You start putting on your amulet.
You continue putting on your amulet of magic regeneration. x5
You finish putting on your amulet of magic regeneration.
i - an amulet of magic regeneration (around neck)
You see here a +0 pair of boots.
j - a +0 pair of boots You start putting on your armour.
You continue putting on your +0 pair of boots. x4
You finish putting on your +0 pair of boots.
There is a staircase leading out of the dungeon here.
Found a plate armour.
You see here a +0 plate armour.
Found Vonazupt's Jewellery Boutique.
There is an entrance to Vonazupt's Jewellery Boutique here.
Unknown command.
You enter the shallow water.
Moving in this stuff is going to be slow.
Found 5 stones.
You see here 5 stones.
You enter the shallow water.
Moving in this stuff is going to be slow.
There is a stone staircase leading down here.
You see here a +0 plate armour.
Found a ring mail.
You see here a +0 ring mail.
You now have 47 gold pieces (gained 14).
Found a stone staircase leading down.
Found a dagger.
There is a stone staircase leading down here.
You see here a +0 dagger.
A kobold comes into view. It is wielding a +0 club.
You shoot a sling bullet.
The sling bullet hits the kobold but does no damage.
The kobold shouts!
You hear a shout!
A hobgoblin comes into view.
The teleport trap disappears.
The kobold disappears!
A kobold comes into view. It is wielding a +0 whip.
You shoot a sling bullet.
The sling bullet barely misses the hobgoblin.
The hobgoblin shouts!
You shoot a sling bullet.
The sling bullet hits the hobgoblin but does no damage.
You shoot a sling bullet. The sling bullet hits the hobgoblin!
You kill the hobgoblin!
You shoot a sling bullet. The sling bullet hits the kobold.
You kill the kobold!
No target in view!
No target in view!
No target in view!
No target in view!
Found a faded altar of an unknown god.
Done exploring.
Done exploring.
Things that are here:
a +0 whip; a kobold corpse You see here a +0 dagger.
k - a +0 dagger Search for what [? for help]? d:
There are no items here.
There is a stone staircase leading down here.
You enter the shallow water.
Moving in this stuff is going to be slow.
There is a staircase leading out of the dungeon here.
A kobold is nearby!
You shoot a sling bullet.
The sling bullet barely misses the kobold.
The kobold shouts!
You shoot a sling bullet.
The sling bullet closely misses the kobold.
You shoot a sling bullet.
The sling bullet closely misses the kobold.
The kobold hits you but does no damage.
You shoot a sling bullet. The sling bullet hits the kobold.
The kobold is severely wounded.
The kobold misses you.
You shoot a sling bullet. The sling bullet hits the kobold.
You kill the kobold!
No target in view!
You see here a +0 scale mail.
There is a stone staircase leading down here.
Unknown command.
You climb downwards.
There is a stone staircase leading up here.
You open the door.
There is an open door here.
Found a stone staircase leading down.
l - a ring of flight
There are no items here.
You fly up into the air.
l - a ring of flight (left hand)
You now have 57 gold pieces (gained 10).
A ball python comes into view.
You shoot a sling bullet. The sling bullet hits the ball python.
You kill the ball python!
No target in view!
No target in view!
No target in view!
You now have 60 gold pieces (gained 3).
Found Zaelez's Distillery.
k - a +0 dagger (weapon)
Adjust to which letter? (? for menu, Esc to quit)
d - a +0 dagger (weapon);
k - a scroll labelled BEXTEY ACAZOBB You reach down and open the door.
The kobold shouts!
The kobold misses you.
There is an open door here.
You closely miss the kobold. The kobold closely misses you.
You closely miss the kobold. The kobold misses you.
You closely miss the kobold. The kobold closely misses you.
You hit the kobold.
The kobold is severely wounded.
The kobold hits you but does no damage.
You barely miss the kobold.
The kobold is severely wounded.
The kobold closely misses you.
You hit the kobold but do no damage.
The kobold is severely wounded.
The kobold hits you with a +0 whip.
You hit the kobold but do no damage.
The kobold is severely wounded.
The kobold completely misses you.
You hit the kobold.
You kill the kobold!
There is an entrance to Zaelez's Distillery here.
Things that are here:
a +0 whip; 2 stones
a - a +1 sling (weapon)
HP restored.
m - a potion of degeneration Thank you for shopping at Zaelez's Distillery!
There is an open door here.
You drop a potion of degeneration.
m - a scroll labelled CARECVYGEH
There is a stone staircase leading down here.
You now have 56 gold pieces (gained 7).
You now have 65 gold pieces (gained 9).
You reach down and open the door.
A quokka comes into view.
You shoot a sling bullet.
The sling bullet hits the quokka but does no damage.
You shoot a sling bullet.
The sling bullet hits the quokka but does no damage.
You shoot a sling bullet.
The sling bullet barely misses the quokka.
The quokka misses you. The quokka barely misses you.
You shoot a sling bullet. The sling bullet hits the quokka.
The quokka is severely wounded.
The quokka bites you. x2
You shoot a sling bullet.
The sling bullet closely misses the quokka.
The quokka bites you but does no damage.
You shoot a sling bullet. The sling bullet hits the quokka.
The quokka is almost dead.
The quokka bites you. x2
You shoot a sling bullet. The sling bullet hits the quokka.
You kill the quokka!
Your Stealth skill increases to level 1!
No target in view!
No target in view!
There is an open door here.
You reach down and open the door.
There is an open door here.
You reach down and open the door.
There is an open door here.
A goblin comes into view. It is wielding a +0 club.
You shoot a sling bullet.
The sling bullet completely misses the goblin.
The goblin shouts!
The goblin unwields a +0 club.
The goblin wields a +0 sling.
The goblin shoots a sling bullet.
The sling bullet barely misses you.
You shoot a sling bullet. The sling bullet hits the goblin.
You kill the goblin!
No target in view!
No target in view!
A ball python comes into view.
You shoot a sling bullet. The sling bullet hits the ball python.
You kill the ball python!
No target in view!
No target in view!
No target in view!
You pick up a book of Necromancy and begin reading...
You add the spells Necrotise, Vampiric Draining and Agony to your library.
You reach down and open the door.
There is an open door here.
Terence the Incautious comes into view.
He is wielding a +0 hand axe.
You shoot a sling bullet.
The sling bullet hits Terence but does no damage.
Terence shouts!
You shoot a sling bullet.
The sling bullet hits Terence but does no damage.
You shoot a sling bullet. The sling bullet hits Terence.
Terence is lightly wounded.
You shoot a sling bullet.
The sling bullet hits Terence but does no damage.
Terence is lightly wounded.
Terence bares his teeth.
You shoot a sling bullet.
The sling bullet hits Terence but does no damage.
Terence is lightly wounded.
Terence hits you with a +0 hand axe!
You shoot a sling bullet. The sling bullet barely misses Terence.
Terence shouts, "Now you die!" Terence hits you with a +0 hand axe.
Press: ? - help, v - describe, . - travel
Here: Terence, wielding a +0 hand axe and wearing a +0 chain mail (lightly wounded)
The floor.
Unknown command.
Casting: Slow (safe; 9% risk of failure)
Confirm with . or Enter, or press ? or * to list all spells.
Aiming: Slow (safe; 9% risk of failure)
Press: ? - help, Shift-Dir - straight line, f/p - Terence
Aim: Terence, wielding a +0 hand axe and wearing a +0 chain mail (lightly wounded, chance to affect: 50%) Terence seems to slow down.
Terence misses you. Terence says, "Did you write a will?
You should..."
There is an open door here.
Terence is no longer moving slowly.
Terence screams, "I'm going to kill you!"
Terence says, "Did you write a will?
You should..."
Terence bares his teeth.
There is a stone staircase leading up here.
You fly upwards.
There is a stone staircase leading down here.
You see here a +0 scale mail.
There is a stone staircase leading down here.
You fly downwards.
Level annotation: Terence
There is a stone staircase leading up here.
Found a rapier.
You see here a +0 rapier.
n - a +0 rapier A goblin comes into view.
It is wielding a +0 club.
You shoot a sling bullet. The sling bullet hits the goblin!
You kill the goblin!
You hear a shout! x2
No target in view!
No target in view! 2 goblins come into view.
A goblin comes into view. It is wielding a +0 club.
A goblin comes into view. It is wielding a +0 dagger. x2
You shoot a sling bullet. The sling bullet hits the goblin.
The goblin is severely wounded.
You shoot a sling bullet.
The sling bullet closely misses the goblin.
The sling bullet hits the goblin.
You kill the goblin!
The goblin barely misses you.
You shoot a sling bullet.
The sling bullet completely misses the goblin.
The goblin hits you but does no damage.
You shoot a sling bullet. The sling bullet hits the goblin.
You kill the goblin!
Things that are here:
a +0 dagger; a goblin corpse A goblin comes into view.
It is wielding a +0 club.
You shoot a sling bullet. The sling bullet hits the goblin!
You kill the goblin!
You hear a shout!
You shoot a sling bullet. The goblin shouts!
The sling bullet hits the goblin!
You kill the goblin!
You hear a shout! x2
A hobgoblin comes into view.
A goblin comes into view. It is wielding a +0 club.
You shoot a sling bullet.
The sling bullet barely misses the hobgoblin.
A worm comes into view.
You shoot a sling bullet. The sling bullet hits the hobgoblin.
The hobgoblin is heavily wounded.
A goblin comes into view. It is wielding a +0 club.
You shoot a sling bullet. The sling bullet hits the hobgoblin.
You kill the hobgoblin!
You shoot a sling bullet. The sling bullet hits the goblin.
You kill the goblin!
You shoot a sling bullet.
The sling bullet closely misses the goblin.
You shoot a sling bullet.
The sling bullet barely misses the goblin.
You shoot a sling bullet. The sling bullet hits the goblin.
You kill the goblin!
Things that are here:
a +0 club; a goblin corpse You see here a hobgoblin corpse.
You shoot a sling bullet. The sling bullet hits the worm.
The worm is lightly wounded.
You shoot a sling bullet. The sling bullet hits the worm.
The worm is moderately wounded.
The worm bites you but does no damage.
You shoot a sling bullet. The sling bullet hits the worm.
The worm is heavily wounded.
The worm barely misses you.
You shoot a sling bullet.
The sling bullet barely misses the worm.
The worm closely misses you.
You shoot a sling bullet.
The sling bullet barely misses the worm.
The worm bites you.
You shoot a sling bullet.
The sling bullet barely misses the worm.
You shoot a sling bullet.
The sling bullet barely misses the worm.
The worm bites you!
You shoot a sling bullet. The sling bullet hits the worm.
The worm is heavily wounded.
The worm bites you.
You shoot a sling bullet. The sling bullet hits the worm.
The worm is heavily wounded.
The worm misses you.
You shoot a sling bullet. The sling bullet hits the worm.
The worm is heavily wounded.
The worm bites you!
* * * LOW HITPOINT WARNING * * *
You are too injured to fight recklessly!
Things that are here:
a +0 club; a goblin corpse
There is a stone staircase leading up here.
You fly upwards.
There is a stone staircase leading down here.
You start resting.
HP restored.
You fly downwards.
Level annotation: Terence The worm closely misses you.
There is a stone staircase leading up here.
You shoot a sling bullet. The sling bullet hits the worm.
The worm is lightly wounded.
The worm barely misses you.
You shoot a sling bullet. The sling bullet hits the worm.
The worm is moderately wounded.
You shoot a sling bullet. The sling bullet hits the worm.
The worm is severely wounded.
The worm bites you.
You shoot a sling bullet. The sling bullet hits the worm!
You kill the worm!
You have reached level 3!
Your experience leads to a dramatic increase in your attributes!
Increase (S)trength, (I)ntelligence, or (D)exterity?
You feel clever. x4
Unknown command.
HP restored.
You see here a worm corpse.
Things that are here:
a +0 club; a goblin corpse You see here a hobgoblin corpse.
Found a stone staircase leading up.
Things that are here:
a +0 club; a goblin corpse Robin of the Strong Arm comes into view.
They are wielding a +0 trident and carrying a wand of roots (6).
The goblin shouts!
You hear a shout! x3
There is a stone staircase leading up here.
You fly upwards.
There is a stone staircase leading down here.
There is a stone staircase leading down here.
You fly downwards.
Level annotation: Robin, Terence
There is a stone staircase leading up here.
There is a stone staircase leading up here.
The goblin barely misses you.
You fly upwards.
There is a stone staircase leading down here.
You shoot a sling bullet.
The sling bullet barely misses the goblin.
The goblin misses you.
You shoot a sling bullet. The sling bullet hits the goblin.
You kill the goblin!
No target in view!
No target in view!
Things that are here:
a +0 dagger; a goblin corpse
There is a stone staircase leading down here.
You fly downwards.
Level annotation: Robin, Terence
There is a stone staircase leading up here.
Things that are here:
a +0 dagger; a goblin corpse You see here a +0 club.
The goblin shouts!
You see here a +0 club.
Things that are here:
a +0 dagger; a goblin corpse
There is a stone staircase leading up here.
You see here a worm corpse.
Things that are here:
a +0 club; a goblin corpse A goblin comes into view.
It is wielding a +0 club.
You see here a worm corpse.
There is a stone staircase leading up here.
The goblin hits you with a +0 dagger.
You fly upwards.
There is a stone staircase leading down here.
You shoot a sling bullet. The sling bullet hits the goblin!
You kill the goblin!
No target in view!
No target in view!
There is a staircase leading out of the dungeon here.
You see here a +0 dagger.
There is a stone staircase leading down here.
HP restored.
You see here a +0 scale mail.
There is a stone staircase leading down here.
You fly downwards.
Level annotation: Robin, Terence
There is a stone staircase leading up here.
Terence shouts!
There is an open door here.
There is a stone staircase leading up here.
Terence looks scornfully at you.
There is a stone staircase leading down here.
You fly downwards.
Found a blossoming altar of Fedhas.
There is a stone staircase leading up here.
A goblin comes into view. It is wielding a +0 club.
You shoot a sling bullet. The sling bullet hits the goblin!
You kill the goblin!
No target in view!
No target in view!
Found a potion of degeneration.
Found a stone staircase leading down.
You now have 73 gold pieces (gained 8).
Found a stone staircase leading up.
Search for what [Enter for "d:", or ? for help]? blade Unknown command.
A rat comes into view.
You shoot a sling bullet. The sling bullet hits the rat.
You kill the rat!
No target in view!
No target in view!
There is a stone staircase leading up here.
Found a robe.
A rat comes into view.
You shoot a sling bullet. The sling bullet hits the rat.
You kill the rat!
No target in view!
No target in view!
Found 5 stones.
You now have 77 gold pieces (gained 4).
There is a stone staircase leading up here.
There is a blossoming altar of Fedhas here.
A hobgoblin comes into view.
You shoot a sling bullet. The sling bullet hits the hobgoblin.
The hobgoblin is severely wounded.
You shoot a sling bullet. The sling bullet hits the hobgoblin.
You kill the hobgoblin!
No target in view!
No target in view!
A rat comes into view.
You shoot a sling bullet. The sling bullet hits the rat.
You kill the rat!
No target in view!
No target in view!
Found a leather armour.
Found a war axe.
A rat comes into view.
A rat is nearby!
You shoot a sling bullet. The sling bullet hits the rat.
The rat is heavily wounded.
You shoot a sling bullet. The sling bullet hits the rat.
You kill the rat!
No target in view!
No target in view!
Found a stone staircase leading down.
Found a quarterstaff.
Found a leather armour and a chain mail.
A worm comes into view.
You see here a +0 leather armour.
You shoot a sling bullet. The sling bullet hits the worm.
The worm is moderately wounded.
You shoot a sling bullet.
The sling bullet barely misses the worm.
An adder comes into view.
You shoot a sling bullet. The adder hisses angrily.
The sling bullet hits the worm.
The worm is moderately wounded.
You shoot a sling bullet.
The sling bullet barely misses the worm.
The sling bullet hits the adder.
The adder is lightly wounded.
The worm barely misses you.
You shoot a sling bullet. The sling bullet hits the worm.
The worm is heavily wounded.
The worm completely misses you.
You shoot a sling bullet.
The sling bullet barely misses the worm.
The sling bullet hits the adder but does no damage.
The adder is lightly wounded.
The worm bites you.
You shoot a sling bullet. The sling bullet hits the worm.
The worm is heavily wounded.
The worm bites you!
You are too injured to fight recklessly!
You are too injured to fight recklessly!
You are too injured to fight recklessly!
You are too injured to fight recklessly!
Casting: Slow (safe; 6% risk of failure)
Confirm with . or Enter, or press ? or * to list all spells.
Aiming: Slow (safe; 6% risk of failure)
Press: ? - help, Shift-Dir - straight line, f/p - worm
Aim: a worm (moderately wounded, chance to affect: 53%)
The worm seems to slow down.
You see here a +0 war axe.
You shoot a sling bullet.
The sling bullet closely misses the adder.
The adder barely misses you. x2
You shoot a sling bullet.
The sling bullet closely misses the adder.
The adder barely misses you.
You shoot a sling bullet. The sling bullet misses the adder.
The adder barely misses you. The adder misses you.
You shoot a sling bullet.
The sling bullet barely misses the adder.
The adder barely misses you. x2
You shoot a sling bullet. The sling bullet misses the adder.
The adder bites you but does no damage. The adder barely misses you.
You shoot a sling bullet.
The sling bullet barely misses the adder.
The adder closely misses you.
You shoot a sling bullet. The sling bullet hits the adder.
The adder is moderately wounded.
The adder barely misses you. The adder bites you.
You shoot a sling bullet. The sling bullet hits the adder.
The adder is heavily wounded.
The adder misses you. The adder bites you.
You are too injured to fight recklessly!
You are too injured to fight recklessly!
You are too injured to fight recklessly!
Fire: a) +1 sling
Press: ? - help, Q - select action, (/) - cycle Shift-Dir - straight line, f/p - adder
Aim: an adder (heavily wounded, 35% to hit)
You shoot a sling bullet. The sling bullet misses the adder.
The adder closely misses you.
Fire: a) +1 sling
Press: ? - help, Q - select action, (/) - cycle Shift-Dir - straight line, f/p - adder
Aim: an adder (heavily wounded, 35% to hit)
You shoot a sling bullet.
The sling bullet barely misses the adder.
The adder closely misses you. The adder bites you but does no damage.
Fire: a) +1 sling
Press: ? - help, Q - select action, (/) - cycle Shift-Dir - straight line, f/p - adder
Aim: an adder (heavily wounded, 35% to hit)
You shoot a sling bullet. The sling bullet misses the adder.
The sling bullet hits the worm.
The worm is lightly wounded.
The adder barely misses you. The adder bites you.
Fire: a) +1 sling
Press: ? - help, Q - select action, (/) - cycle Shift-Dir - straight line, f/p - adder
Aim: an adder (heavily wounded, 35% to hit)
You shoot a sling bullet.
The sling bullet barely misses the adder.
The sling bullet hits the worm!
The worm is severely wounded.
The adder bites you.
You are poisoned.
The adder poisons you! The adder closely misses you.
Fire: a) +1 sling
Press: ? - help, Q - select action, (/) - cycle Shift-Dir - straight line, f/p - adder
Aim: an adder (heavily wounded, 35% to hit)
You shoot a sling bullet. The sling bullet hits the adder.
The adder is heavily wounded.
You feel sick. The adder barely misses you.
Fire: a) +1 sling
Press: ? - help, Q - select action, (/) - cycle Shift-Dir - straight line, f/p - adder
Aim: an adder (heavily wounded, 35% to hit)
You shoot a sling bullet.
The sling bullet closely misses the adder.
The sling bullet barely misses the worm.
You feel sick. The adder barely misses you. The adder bites you.
* * * LOW HITPOINT WARNING * * *
Fire: a) +1 sling
Press: ? - help, Q - select action, (/) - cycle Shift-Dir - straight line, f/p - adder
Aim: an adder (heavily wounded, 35% to hit)
You shoot a sling bullet.
The sling bullet closely misses the adder.
The sling bullet hits the worm.
The worm is severely wounded.
You feel sick.
You are no longer poisoned.
The adder closely misses you. The adder bites you but does no damage.
Fire: a) +1 sling
Press: ? - help, Q - select action, (/) - cycle Shift-Dir - straight line, f/p - adder
Aim: an adder (heavily wounded, 35% to hit)
You shoot a sling bullet. The sling bullet hits the adder.
The adder is almost dead.
The adder bites you.
* * * LOW HITPOINT WARNING * * *
You are lethally poisoned!
The adder poisons you!
Fire: a) +1 sling
Press: ? - help, Q - select action, (/) - cycle Shift-Dir - straight line, f/p - adder
Aim: an adder (almost dead, 35% to hit)
You shoot a sling bullet.
The sling bullet closely misses the adder.
The sling bullet hits the worm but does no damage.
The worm is heavily wounded.
You die...

Skill      XL: |  1  2 |
---------------+-------+-----
Fighting       | 1 |  1.5
Dodging        | 2 |  2.7
Stealth        | 1 |  1.3
Ranged Weapons | |  1.7
Spellcasting   | |  1.0
Hexes          | |  2.6

Action                     || total
---------------------------++-------
  Melee: Dagger            ||     8
   Fire: Sling             ||   122
   Cast: Slow              ||     2
 Armour: Robe              ||    18
  Dodge: Dodged            ||    49

Levels and vault maps discovered:
D:1:      nzn_arrival_water_spiral, layout_loops_ring,
          hellmonk_ecumenical_altar_prayer_group, serial_shops,
          nicolae_shop_waterfront
D:2:      layout_basic, serial_shops, nicolae_shop_window_shopping,
          uniq_terence, uniq_robin
D:3:      minmay_roachtagon, layout_rooms, minmay_overflow_temple_star_quad,
          fedhas_altar_2

Notes
Turn   | Place    | Note
-------+----------+-------------------------------------------
     0 | D:1      | scionoferis the Demigod Hexslinger began the quest for the
                  | Orb.
     0 | D:1      | Reached XP level 1. HP: 15/15 MP: 4/4
    28 | D:1      | Reached skill level 1 in Fighting
    35 | D:1      | Reached skill level 2 in Dodging
    96 | D:1      | You fall into a shaft and drop 1 floor!
   130 | D:2      | Reached XP level 2. HP: 23/23 MP: 5/5
   389 | D:1      | Found Vonazupt's Jewellery Boutique.
   734 | D:2      | Found Zaelez's Distillery.
   761 | D:2      | Bought a potion of degeneration for 11 gold pieces
   829 | D:2      | Reached skill level 1 in Stealth
   923 | D:2      | Noticed Terence
  1149 | D:2      | Reached XP level 3. HP: 26/28 MP: 6/6
  1164 | D:2      | Noticed Robin
  1500 | D:3      | HP: 2/28 [adder (2)]
  1501 | D:3      | Succumbed to an adder's poison

Vanquished Creatures
  A worm (D:2)
  A dart slug (D:2)
  6 ball pythons (D:1 D:2)
  2 bats (D:1)
  2 giant cockroaches (D:1)
  11 goblins (D:2 D:1 D:3)
  3 hobgoblins (D:1 D:2 D:3)
  3 kobolds (D:1 D:2)
  2 quokkas (D:1 D:2)
  4 rats (D:3)
35 creatures vanquished.

Table legend: (Time is in decaauts)
 A = Elapsed time spent in this place.
 B = Non-inter-level travel time spent in this place.
 C = Inter-level travel time spent in this place.
 D = Time resting spent in this place.
 E = Time spent auto-exploring this place.
 F = Levels seen in this place.
 G = Mean time per level.
                   A        B        C        D        E       F      G
               +--------+--------+--------+--------+--------+-----+--------+
         Total |   1552 |   1361 |    191 |     78 |    826 |   3 |  517.3 |
       Dungeon |   1552 |   1361 |    191 |     78 |    826 |   3 |  517.3 |
               +--------+--------+--------+--------+--------+-----+--------+

Top non-repeatable levels by time:
     D:1: 843 daAuts
     D:2: 522 daAuts
     D:3: 186 daAuts

Table legend:
 A = Non-vault XP
 B = Vault XP
 C = Vault XP percentage of total XP
 D = Non-vault monster count
 E = Vault monster count
 F = Vault count percentage of total count
                 A         B        C        D         E       F
            +---------+---------+-------+---------+---------+-------
      Total |      39 |      23 |  37.1 |      22 |      13 |  37.1
            +---------+---------+-------+---------+---------+-------
        D:1 |      12 |       8 |  40.0 |       7 |       5 |  41.7
        D:2 |      19 |      15 |  44.1 |       9 |       8 |  47.1
        D:3 |       8 |       0 |   0.0 |       6 |       0 |   0.0
            +---------+---------+-------+---------+---------+-------
